 Dungeon Crawl Stone Soup version 0.31-a0-182-gc5ef74bbde (webtiles) character file.

Game seed: 9540752832003397718

19 olmar the Shield-Bearer (level 2, 0/19 HPs)
             Began as a Gargoyle Fighter on June 21, 2023.
             Slain by a cerulean imp
             ... wielding a +1 spear
             ... summoned by Natasha
              (4 damage)
             ... on level 2 of the Dungeon.
             The game lasted 00:00:43 (1281 turns).

olmar the Shield-Bearer (Gargoyle Fighter)          Turns: 1281, Time: 00:00:43

Health: 0/19       AC:  9    Str: 19    XL:     2   Next: 75%
Magic:  2/2        EV:  9    Int:  8    God:
Gold:   44         SH:  4    Dex:  9    Spells: 1/1 levels left

rFire   . . .        a - +0 flail
rCold   . . .        c - +0 buckler
rNeg    + . .        b - +0 scale mail
rPois   ∞            (no helmet)
rElec   +            (no cloak)
rCorr   .            (no gloves)
SInv    .            (no boots)
Will    .....        (no amulet) Stlth
                     (no ring)
HPRegen 0.23/turn    (no ring)
MPRegen 0.08/turn

%: no passive effects
@: slowed, very slow
A: sickness immunity, AC +2, negative energy resistance 1, electricity
resistance, torment resistance 1, petrification resistance
a: no special abilities


You were on level 2 of the Dungeon.
You visited 1 branch of the dungeon, and saw 2 of its levels.

You collected 44 gold pieces.

Inventory:

Hand Weapons
 a - a +0 flail (weapon)
Missiles
 k - 6 poisoned darts
Armour
 b - a +0 scale mail (worn)
 c - a +0 buckler (worn)
Jewellery
 l - a ring of ice
Scrolls
 g - a scroll of vulnerability {unknown}
 i - 2 scrolls of identify {unknown}
 j - 2 scrolls of fear {unknown}
 m - a scroll of teleportation {unknown}
Potions
 d - a potion of might
 e - 2 potions of heal wounds {unknown}
 f - 2 potions of berserk rage {unknown}
 h - a potion of curing {unknown}


   Skills:
 + Level 3.4 Fighting
 + Level 2.2 Maces & Flails
 + Level 3.5 Armour
 + Level 3.7 Shields


You had one spell level left.
You didn't know any spells.
Your spell library was empty.

Dungeon Overview and Level Annotations

Branches:
Dungeon (2/15)

Altars:

Annotations:
D:2 Natasha


Innate Abilities, Weirdness & Mutations

You are immune to sickness and miasma.
Your stone body is resilient. (AC +2)
You are immune to poison.
You resist negative energy. (rN+)
You are resistant to electric shocks. (rElec)
You are resistant to unholy torment.
You are immune to petrification.


Message History

Natasha, Servant of Life and Death comes into view.
Natasha hisses angrily.
Natasha is nearby!
You start waiting.
Natasha claws you but does no damage.
You closely miss Natasha.
Natasha mumbles some strange words.
You completely miss the cerulean imp. Natasha barely misses you.
The cerulean imp hits you but does no damage.
You closely miss the cerulean imp. Natasha claws you!
You block the cerulean imp's attack.
Unknown command.
You barely miss the cerulean imp. Natasha claws you but does no damage.
The cerulean imp barely misses you. Natasha casts a spell at you.
The magic dart hits you but does no damage.
Unknown command.
You hit the cerulean imp but do no damage.
You block the cerulean imp's attack. Natasha casts a spell at you.
You feel yourself slow down.
The cerulean imp hits you but does no damage.
You barely miss Natasha. Natasha closely misses you.
The cerulean imp hits you but does no damage.
Natasha closely misses you.
The cerulean imp hits you but does no damage.
Unknown command.
You closely miss Natasha.
Natasha stares at you and mumbles some strange words.
You feel as though you will be slow longer.
The cerulean imp hits you but does no damage.
You block Natasha's attack.
The cerulean imp hits you with a +1 spear.
Unknown command.
You sock Natasha!
Natasha is severely wounded.
Natasha claws you.
* * * LOW HITPOINT WARNING * * *
The cerulean imp hits you with a +1 spear.
You die...

#....... #..<....
#....... ######.......
####.............
.######....###########.
.h....>................
###h# ######..# ##.@.#
######...## #.5###
#......### #.######
#.###### #.#....###.##
#.#.##......#####..
####...###..##.......#
##.....## #............
##..##.#####..##########
####..###.##.....#


You could see Natasha and a cerulean imp (summoned).

Vanquished Creatures
  A gnoll (D:1)
  A goblin (D:1)
  2 hobgoblins (D:1)
  2 ball pythons (D:1)
  2 frilled lizards (D:1)
  2 kobolds (D:1)
  2 rats (D:1)
12 creatures vanquished.

Notes
Turn   | Place    | Note
-------+----------+-------------------------------------------
     0 | D:1      | olmar the Gargoyle Fighter began the quest for the Orb.
     0 | D:1      | Reached XP level 1. HP: 14/14 MP: 1/1
   549 | D:1      | Reached XP level 2. HP: 17/19 MP: 2/2
  1268 | D:2      | Noticed Natasha
  1281 | D:2      | Slain by a cerulean imp

Illustrated notes

Levels and vault maps discovered:
D:1:      dpeg_arrival_water_fire, layout_basic
D:2:      layout_rooms, ebering_ecumenical_altar_abandoned, basic_altar,
          ebering_dispersal_statue_hall, grunt_ministairs_14, uniq_natasha,
          uniq_jessica

Action                     || total
---------------------------++-------
  Melee: Flail             ||    54
 Armour: Scale mail        ||    28
  Dodge: Dodged            ||    29
  Block: Buckler           ||    15

Table legend: (Time is in decaauts)
 A = Elapsed time spent in this place.
 B = Non-inter-level travel time spent in this place.
 C = Inter-level travel time spent in this place.
 D = Time resting spent in this place.
 E = Time spent auto-exploring this place.
 F = Levels seen in this place.
 G = Mean time per level.
                   A        B        C        D        E       F      G
               +--------+--------+--------+--------+--------+-----+--------+
         Total |   1301 |   1275 |     26 |      4 |   1136 |   2 |  650.5 |
       Dungeon |   1301 |   1275 |     26 |      4 |   1136 |   2 |  650.5 |
               +--------+--------+--------+--------+--------+-----+--------+

Top non-repeatable levels by time:
     D:1: 1132 daAuts
     D:2: 168 daAuts
